 Dungeon Crawl Stone Soup version 0.19-a0-975-gfff5315 (webtiles) character file.

872 Liquid the Insei (level 7, -5/55 HPs)
             Began as a Demonspawn Chaos Knight on July 13, 2016.
             Slain by an ice beast (10 damage)
             ... on level 6 of the Dungeon.
             The game lasted 00:16:57 (4091 turns).

Liquid the Insei (Demonspawn Chaos Knight)          Turns: 4091, Time: 00:16:57

Health: -5/55      AC:  7    Str: 13    XL:     7   Next: 74%
Magic:  0/16       EV: 13    Int: 13    God:    Xom [....*.]
Gold:   338        SH:  0    Dex: 16    Spells: 0 memorised, 6 levels left

rFire  . . .     SeeInvis .       - Unarmed
rCold  . . .     Gourm    .     a - +2 leather armour
rNeg   . . .     Faith    .     (no shield)
rPois  .         Spirit   +     k - +0 helmet
rElec  .         Dismiss  .     g - +0 cloak
rCorr  .         Reflect  .     (no gloves)
SustAt .         Harm     .     (no boots)
MR     .....                    i - amulet of guardian spirit
Stlth  ++........               (no ring)
                                e - ring of magical power

@: not resistant to hostile enchantments, unstealthy
A: claws 2, thin skeletal structure 1, demonic guardian 1
a: Renounce Religion


You were on level 6 of the Dungeon.
You worshipped Xom.
You were a beloved toy of Xom.
You were not hungry.

You visited 2 branches of the dungeon, and saw 7 of its levels.

You collected 338 gold pieces.

Inventory:

Armour
 a - a +2 leather armour (worn)
 g - a +0 cloak (worn)
 j - a +0 chain mail
 k - a +0 helmet (worn)
 w - a +0 plate armour
Jewellery
 e - a ring of magical power (left claw)
 i - an amulet of guardian spirit (around neck)
Wands
 f - a wand of slowing (31/48)
 n - a wand of paralysis (12/24)
 z - a wand of flame (15/48)
Scrolls
 c - a scroll of teleportation
 d - 2 scrolls of remove curse
 m - 2 scrolls of enchant weapon {unknown}
 o - a scroll of amnesia {unknown}
 p - a scroll of noise {unknown}
 r - a scroll of fog {unknown}
 u - 2 scrolls of identify {unknown}
 v - 2 scrolls of recharging {unknown}
 y - a scroll of fear {unknown}
Potions
 l - a potion of degeneration {unknown}
 s - a potion of curing
 t - a potion of invisibility
 x - a potion of flight {unknown}
 B - a potion of lignification {unknown}
Comestibles
 b - 4 bread rations
 h - 5 meat rations
 q - a slice of pizza
 A - a chunk of flesh


   Skills:
 + Level 4.8 Fighting
 + Level 2.9 Armour
 + Level 3.1 Dodging
 * Level 6.6 Unarmed Combat


You had 6 spell levels left.
You didn't know any spells.

Dungeon Overview and Level Annotations

Branches:
Dungeon (6/15)             Temple (1/1) D:4

Altars:
Cheibriados
Dithmenos
Elyvilon
Gozag
Hepliaklqana
Makhleb
Trog

Annotations:
D:5 1 runed door, Grinder


Innate Abilities, Weirdness & Mutations

You have very sharp fingernails.
You have a somewhat thin skeletal structure. (Dex +2, Stealth)
A weak demonic guardian rushes to your aid.


Message History

* * * LOW HITPOINT WARNING * * *
The ice beast freezes you!
* * * LOW HITPOINT WARNING * * *
Unknown command.
Your crimson imp hits the ice beast.
Your crimson imp blinks!
A gnoll comes into view. It is wielding a halberd.
The gnoll shouts!
The gnoll moves out of view. 2 gnolls and a gnoll shaman come into view.
The gnoll shaman moves out of view.
Xom decides to shift things around a little.
The gnoll blinks!
The ice beast blinks!
Your crimson imp blinks!
The ice beast misses you. The ice beast hits you.
* * * LOW HITPOINT WARNING * * *
The ice beast freezes you!
You die...
Xom howls with laughter!

### #.. #.# # # #.#
##.#..
########.##.....#
#>.@....s§...$...
#.Y#.#<.....#.#.
#.5..............
......#g#####..#.#.#
#######.# ..# # #.#
..# ..# ..# ..# ..#
..g. ...


You could see an ice beast, a scorpion, a gnoll and a friendly iron imp.

Vanquished Creatures
  Eustachio (D:5)
  An orc warrior (D:3)
  An ogre (D:5)
  A crimson imp (D:5)
  2 orc priests
  A jelly (D:5)
  3 orc wizards
  5 worker ants
  A mummy (D:5)
  2 gnolls (D:5)
  10 adders
  An adder zombie (D:3)
  5 worms
  6 dart slugs
  3 giant geckos
  14 orcs
  A ball python (D:2)
  2 giant cockroaches
  14 hobgoblins
  7 jackals
  5 kobolds
  4 quokkas
  7 bats
  A giant cockroach zombie (D:3)
  A giant gecko skeleton (D:3)
  3 giant newts
  5 goblins
  6 rats
113 creatures vanquished.

Notes
Turn   | Place    | Note
-------+----------+-------------------------------------------
     0 | D:1      | Liquid the Demonspawn Chaos Knight began the quest for the Orb.
     0 | D:1      | Reached XP level 1. HP: 18/18 MP: 1/1
     0 | D:1      | XOM: harmless Air miscast
   104 | D:1      | Reached skill level 3 in Unarmed Combat
   306 | D:1      | XOM: divination: magic mapping
   352 | D:1      | Gained mutation: You have sharp fingernails. [demonic ancestry]
   352 | D:1      | Reached XP level 2. HP: 18/24 MP: 2/2
   517 | D:1      | XOM: silly message
   683 | D:1      | XOM: harmless Tloc miscast
   915 | D:3      | Gained mutation: A weak demonic guardian rushes to your aid. [demonic ancestry]
   915 | D:3      | Reached XP level 3. HP: 9/29 MP: 3/3
  1021 | D:3      | XOM: 3-stop teleportation journey
  1031 | D:3      | HP: 1/29 [adder (2)]
  1034 | D:3      | Noticed a scorpion
  1038 | D:3      | Reached skill level 4 in Unarmed Combat
  1040 | D:3      | XOM: swap monsters
  1351 | D:3      | Gained mutation: You have very sharp fingernails. [demonic ancestry]
  1351 | D:3      | Reached XP level 4. HP: 27/35 MP: 4/4
  1539 | D:2      | Found an opulent altar of Gozag.
  1823 | D:2      | Found a white marble altar of Elyvilon.
  1823 | D:2      | XOM: silly message
  1846 | D:2      | Found a shadowy altar of Dithmenos.
  1860 | D:2      | Found a burning altar of Makhleb.
  1868 | D:2      | Found a hazy altar of Hepliaklqana.
  1945 | D:2      | Found a burning altar of Makhleb.
  1966 | D:2      | XOM: potion effect (might)
  1969 | D:2      | Reached XP level 5. HP: 41/41 MP: 5/5
  1972 | D:2      | Reached skill level 5 in Unarmed Combat
  2290 | D:3      | Reached skill level 1 in Dodging
  2517 | D:3      | Noticed an orc warrior
  2519 | D:3      | XOM: harmless Necr miscast
  2531 | D:3      | XOM: divination: detect items
  2584 | D:3      | XOM: potion effect (haste)
  2613 | D:3      | Killed an orc warrior
  2613 | D:3      | Gained mutation: You have a somewhat thin skeletal structure. (Dex +2, Stealth) [demonic ancestry]
  2613 | D:3      | Reached XP level 6. HP: 8/48 MP: 3/6
  2834 | D:4      | Found a staircase to the Ecumenical Temple.
  2841 | Temple   | Entered the Ecumenical Temple
  2952 | D:4      | XOM: divination: detect items
  3280 | D:4      | Found a bloodstained altar of Trog.
  3401 | D:5      | Entered Level 5 of the Dungeon
  3404 | D:5      | Noticed Eustachio
  3416 | D:5      | XOM: potion effect (magic)
  3425 | D:5      | Killed Eustachio
  3425 | D:5      | Reached skill level 6 in Unarmed Combat
  3425 | D:5      | Reached XP level 7. HP: 37/55 MP: 7/7
  3587 | D:5      | XOM: harmless Necr miscast
  3606 | D:5      | Noticed Grinder
  3617 | D:5      | Found a runed door.
  3884 | D:5      | XOM: cleaving
  3891 | D:5      | Found a snail-covered altar of Cheibriados.
  4089 | D:6      | XOM: blink monster(s)
  4091 | D:6      | Slain by an ice beast

Vault maps used:
D:1:      lemuel_arrival_room, serial_glass, glass_columns_a, glass_columns_b
D:2:      grunt_temple_overflow_cloverleaf, old_standard_altar, bloody_makhleb
D:3:      serial_undead, serial_undead_a, serial_undead_f, serial_undead_c,
          serial_undead_b, minmay_hedge_maze
D:4:      bloody_trog
D:5:      first_bread, chei_slow_surprise, uniq_crazy_yiuf_cottage,
          uniq_eustachio, uniq_grinder
D:6:      serial_shops, shop, uniq_blork_the_orc
Temple:   dshaligram_water_room_temple

Skill      XL: |  1  2  3  4  5  6  7 |
---------------+----------------------+-----
Unarmed Combat | 3 4 5 6 |  6.6
Dodging        | 1 2 3 |  3.1
Fighting       | 4 |  4.8
Armour         | 2 |  2.9

Action                   |  1- 3 |  4- 6 |  7- 9 || total
-------------------------+-------+-------+-------++-------
Melee: Unarmed           |   103 |   215 |    72 ||   390
       Punch             |     1 |     4 |     6 ||    11
  Use: Scroll            |     2 |     1 |     2 ||     5
       Potion            |     1 |     2 |     1 ||     4
 Stab: Sleeping          |       |     2 |       ||     2
       Invisible         |       |     5 |       ||     5
       Distracted        |       |     2 |       ||     2
  Eat: Chunk             |     1 |     7 |     3 ||    11
Armor: Leather armour    |    44 |    71 |    18 ||   133
Dodge: Dodged            |    64 |   113 |    55 ||   232
